cohdb
Replays
Latest Replays
All Replays
Popular Replays
Top Player Replays
Match Explorer
How It Works
Community
CoH3 Stats
Reddit
Sign in to upload your games and track your stats! →
Sign in with Steam
Match 41329922
Unlisted
Match 41329922
Overview
Messages
Build Orders
End
Construct Infanterie Kompanie
Pioneer Squad
MG 42 Machine Gun Team
Selects Terror Battlegroup
Selects Machine Gun Camouflage
MG 42 Machine Gun Team
Grenadier Squad
Grenadier Squad
Construct Panzergrenadier Kompanie
Pak 40 Anti-tank Gun Team
251 Medium Carrier
Support Elements
Selects Contempt for the Weak
Panzergrenadier Squad
Nebelwerfer 42 Rocket Launcher Team
Panzergrenadier Squad
UH|ck
iceman
captain_spicy925
mang171
0
0
Comments
sign in to comment!
No comments posted yet!